 Dungeon Crawl Stone Soup version 0.30-a0-469-g84de5afbc5 (webtiles) character file.

Game seed: 15639352637891247033

153764 MackTheKnife the Warrior (level 16, -12/132 (144) HPs)
             Began as an Armataur Wanderer on Dec 18, 2022.
             Was a High Priest of Hepliaklqana.
             Mangled by a pharaoh ant (19 damage)
             ... on level 1 of the Spider Nest on Dec 19, 2022.
             The game lasted 00:56:35 (33330 turns).

MackTheKnife the Warrior (Armataur Wanderer)       Turns: 33330, Time: 00:56:35

HP:   -12/132 (144) AC: 28    Str: 22    XL:     16   Next: 76%
MP:   24/24         EV:  7    Int: 12    God:    Hepliaklqana [*****.]
Gold: 1727          SH: 14    Dex: 14    Spells: 23/26 levels left

rFire   + . .      SeeInvis .    a - +4 demon trident (venom) {polearm}
rCold   . . .      Faith    .    X - +3 buckler {AC+3}
rNeg    . . .      Spirit   .    M - +4 scale mail {rF+}
rPois   +          Reflect  +    y - +1 hat
rElec   .          Harm     .    G - +2 cloak
rCorr   .          Roll     +    R - +0 pair of gloves {hurl}
Will    +....                    T - +0 barding
Stlth   ..........               D - amulet of reflection
HPRegen 0.42/turn                r - +4 ring of slaying
MPRegen 0.19/turn                c - ring of poison resistance

@: slowed, drained, very slow
A: reduced essence, large, rugged brown scales 3, deformed body, armoured tail,
roll, long tongue, awkward tongue
}: 1/15 runes: decaying
a: Renounce Religion, Recall Ancestor, Ancestor Identity, Transference, Idealise


You were on level 1 of the Spider Nest.
You worshipped Hepliaklqana.
Hepliaklqana was extremely pleased with you.
You visited 7 branches of the dungeon, and saw 29 of its levels.
You also visited: Gauntlet and Volcano.

You collected 3045 gold pieces.
You spent 1318 gold pieces at shops.


Innate Abilities, Weirdness & Mutations

Your life essence is reduced to manifest your ancestor. (-10% HP)
You are completely covered in rugged brown scales. (AC +3, +7% HP)
Armour fits poorly on your strangely shaped body.
You have a long armoured tail.
You roll when moving toward enemies. (Rampage)
Your long tongue fully drains potion bottles. (2x potion effects)
Your tongue gives you trouble enunciating. (1.5x scroll delay)


   Skills:
 - Level 15.5 Fighting
 - Level 14.0 Polearms
 - Level 11.0 Armour
 + Level 4.2 Dodging
 - Level 7.1 Shields
 - Level 5.5 Spellcasting
 - Level 1.0 Conjurations
 - Level 5.6 Transmutations
 - Level 10.4 Invocations
 - Level 10.1 Evocations


You had 23 spell levels left.
You knew the following spells:

 Your Spells              Type           Power      Damage    Failure   Level
a - Kiss of Death         Conj/Necr      16%        2d6       38%         1
b - Wereblood             Tmut           16%        N/A       8%          2

Your spell library contained the following spells:

 Spells                   Type           Power      Damage    Failure   Level
 Beastly Appendage        Tmut           32%        N/A       4%          1
 Shock                    Conj/Air       16%        1d4       38%         1
 Spider Form              Tmut/Pois      10%        N/A       43%         3
 Apportation              Tloc           6%         N/A       45%         1
 Freeze                   Ice            12%        1d3       45%         1
 Momentum Strike          Conj/Tloc      8%         3d8       52%         2
 Ignite Poison            Fire/Tmut/Pois 7%         N/A       56%         3
 Blink                    Tloc           6%         N/A       58%         2
 Cigotuvi's Dreadful Rot  Necr/Pois/Air  6%         N/A       58%         2
 Poisonous Vapours        Pois/Air       6%         N/A       58%         2
 Hailstorm                Conj/Ice       4%         3d4       77%         3
 Stone Arrow              Conj/Erth      8%         3d7       77%         3
 Mephitic Cloud           Conj/Pois/Air  4%         N/A       78%         3
 Blade Hands              Tmut           8%         N/A       80%         5
 Call Canine Familiar     Summ           3%         N/A       83%         3
 Frozen Ramparts          Ice            6%         1d1       83%         3
 Gell's Gravitas          Tloc           3%         N/A       83%         3
 Kindle Blastsparks       Fire/Tloc/Air  6%         2d10      83%         3
 Lesser Beckoning         Tloc           6%         N/A       83%         3
 Ozocubu's Armour         Ice            3%         N/A       83%         3
 Portal Projectile        Hex/Tloc       6%         N/A       83%         3
 Swiftness                Air            3%         N/A       83%         3
 Teleport Other           Tloc           3%         N/A       83%         3
 Tukima's Dance           Hex            3%         N/A       83%         3
 Airstrike                Air            1%         2d(1-17)  99%         4
 Leda's Liquefaction      Hex/Erth       1%         N/A       99%         4
 Summon Ice Beast         Ice/Summ       3%         N/A       99%         4
 Alistair's Intoxication  Tmut/Pois      6%         N/A       99%         5
 Freezing Cloud           Conj/Ice/Air   2%         6-21      100%        5
 Summon Mana Viper        Hex/Summ       3%         N/A       100%        5
 Monstrous Menagerie      Summ           1%         N/A       100%        7
 Ozocubu's Refrigeration  Ice            1%         4d7       100%        7

Inventory:

Hand Weapons
 a - a +4 demon trident of venom (weapon) {polearm}
   (You acquired it on level 5 of the Dungeon)
 Y - the +6 glaive "Guxt" {drain, Str+5 Int-2, polearm}
   (You took it off a fenstrider witch on level 3 of the Swamp)

   A truly terrible weapon, it drains the life of any living foe it strikes.
   Str:       It affects your strength (+5).
   Int:       It affects your intelligence (-2).
Missiles
 h - 4 silver javelins {throwing}
Armour
 m - the +0 pair of gloves of Analysis {*Slow rElec Int+7}
   (You found it on level 3 of the Lair of Beasts)

   Int:       It affects your intelligence (+7).
   rElec:     It insulates you from electricity.
   *Slow:     It may slow you when you take damage.
 y - a +1 hat (worn)
   (You found it on level 12 of the Dungeon)
 G - a +2 cloak (worn)
   (You found it on level 1 of the Lair of Beasts)
 M - a +4 scale mail of fire resistance (worn)
   (You found it in a volcano)
 R - a +0 pair of gloves of hurling (worn)
   (You found it in a Gauntlet)
 T - a +0 barding (worn)
   (You bought it in a shop on level 2 of the Orcish Mines)
 X - a +3 buckler of protection (worn)
   (You bought it in a shop on level 15 of the Dungeon)
Jewellery
 c - a ring of poison resistance (right hand)
   (You found it on level 2 of the Lair of Beasts)
 d - a ring of resist corrosion
   (You found it on level 11 of the Dungeon)
 l - a ring of fire
   (You found it in a Gauntlet)
 n - a ring of ice
   (You took it off a kobold on level 2 of the Dungeon)
 r - a +4 ring of slaying (left hand)
   (You found it in a Gauntlet)
 t - a ring of positive energy
   (You found it on level 3 of the Dungeon)
 B - a +4 ring of evasion
   (You found it on level 5 of the Dungeon)
 D - an amulet of reflection (around neck)
   (You acquired it on level 11 of the Dungeon)
 F - an amulet of guardian spirit
   (You found it on level 3 of the Lair of Beasts)
 O - a ring of willpower
   (You found it on level 6 of the Dungeon)
 W - the ring of Diomp {rN+ Int+3 SInv}
   (You found it on level 14 of the Dungeon)

   [ring of see invisible]

   Int:       It affects your intelligence (+3).
   rN:        It protects you from negative energy.
   SInv:      It lets you see invisible.
Wands
 g - a wand of flame (7)
   (You found it on level 9 of the Dungeon)
 k - a wand of quicksilver (18)
   (You found it on level 8 of the Dungeon)
 s - a wand of charming (5)
   (You found it on level 12 of the Dungeon)
 N - a wand of roots (3)
   (You found it on level 2 of the Swamp)
 Q - a wand of digging (12)
   (You found it on level 4 of the Swamp)
Scrolls
 e - 4 scrolls of poison {!r}
 i - 7 scrolls of immolation {!r!r}
 j - 4 scrolls of magic mapping {!r}
 q - 10 scrolls of teleportation {@r4}
 w - 3 scrolls of fog
 x - 2 scrolls of blinking {!r}
 A - 8 scrolls of identify {@r1}
 C - a scroll of fear
Potions
 f - a potion of magic
 o - 8 potions of brilliance
 p - 4 potions of lignification {!q}
 E - 2 potions of heal wounds {@q2}
 H - 2 potions of invisibility
 I - a potion of mutation {!q}
 K - a potion of flight
 L - 2 potions of resistance
 P - 3 potions of attraction {!q}
 U - 4 potions of cancellation
 V - 4 potions of curing {@q1}
Miscellaneous
 b - a condenser vane
   (You found it on level 15 of the Dungeon)
 u - a lightning rod (4/4)
   (You found it in a Gauntlet)
 v - a box of beasts (inert)
   (You found it on level 15 of the Dungeon)
 z - a phial of floods
   (You found it on level 5 of the Lair of Beasts)
 J - a piece from Xom's chessboard (15/15)
   (You found it on level 4 of the Lair of Beasts)

Dungeon Overview and Level Annotations

Branches:
Dungeon (15/15) Zot: 25447  Temple (1/1) D:6 Zot: 5972    Lair (5/5) D:11 Zot: 22411
  Swamp (4/4) Lair:3 Zot: 19567  Spider (1/4) Lair:3 Zot: 5975   Slime (1/5) Lair:4 Zot: 5998
    Orc (2/2) D:12 Zot: 9693     Elf (0/3) Orc:2        Vaults (0/5) D:14
 Depths (0/4) D:15        Volcano (visited)         Gauntlet (visited)

Altars:
Ashenzari
Cheibriados
Dithmenos
Elyvilon
Fedhas
Gozag
Hepliaklqana
Kikubaaqudgha
Makhleb
Nemelex Xobeh
Okawaru
Qazlal
Ru
Sif Muna
Trog
Uskayaw
Vehumet
Wu Jian
Xom
Zin
The Shining One

Shops:
D:1 ?   D:6 [(   D:8 *   D:12 (   D:15 ([[   Orc:2 :[(!

Annotations:
Swamp:3 Bai Suzhen, Mara

.....w...s#......
..#.... .........
.......#.........
..............#^.
.......s#!...:...
....R.s.#........
s....sssB........
......#@s[.......
#..s.sssB#..#....
......sBw.....# #
...........^....#
.s.#.....^.##.[..
s...?.†...## ###.
#^.......#...
.......^##.....
...##..^. ..#^w


You could see the friendly Sara the knight, an entropy weaver, a steelbarb worm,
a torpor snail, a demonic crawler (catching breath), 4 wolf spiders, 2
culicivoras, 2 pharaoh ants, a jumping spider, a tarantella and 6 redbacks.


Message History

Reach: a) +4 demon trident (venom) {polearm}
Press: ? - help, Dir - move target, f/p - emperor scorpion simulacrum
Aim: an emperor scorpion simulacrum (heavily damaged, about 7% to evade your +4 demon trident of venom)
You puncture the emperor scorpion simulacrum!
You block the emperor scorpion simulacrum's attack.
The emperor scorpion simulacrum claws you but does no damage.
The emperor scorpion simulacrum claws you.
* * * LOW HITPOINT WARNING * * *
The emperor scorpion simulacrum freezes you!!
* * * LOW HITPOINT WARNING * * *
😱 HP[-30]
You take 30 damage, and now have 28/144 hp.
MASSIVE DAMAGE!! (PAUSE)
You hit the emperor scorpion simulacrum.
You tail-slap the emperor scorpion simulacrum.
The radroach bites you but does no damage.
The radroach claws you but does no damage. 😱 HP[+1]
You barely miss the radroach.
The radroach bites you but does no damage.
The radroach claws you but does no damage.
You hit the radroach but do no damage.
The radroach is poisoned.
You barely miss the radroach.
The radroach bites you but does no damage.
The radroach claws you but does no damage. 😱 HP[+1]
You slurp down every last drop of the 3 potions of heal wounds {@q2}!
You feel much better. You block the radroach's attack.
The radroach claws you but does no damage. 😮 HP[+44]
You regained 44 hp, and now have 74/144 hp.
You hit the radroach but do no damage.
The radroach looks as sick as possible!
You puncture the radroach!
The radroach looks as sick as possible!
The radroach bites you.
The radroach claws you but does no damage.
You hit the radroach but do no damage. You block the radroach's attack.
The radroach claws you.
* * * LOW HITPOINT WARNING * * *
😨 HP[-4]
You take 4 damage, and now have 70/144 hp.
You barely miss the radroach.
You tail-slap the radroach, but do no damage.
You puncture the radroach!
The redback's soul is no longer bound.
The radroach bites you but does no damage.
The radroach closely misses you.
You impale the radroach!!
You kill the radroach! 😨 HP[+1]
You impale the redback!!
The redback looks as sick as possible!
Your tail-slap misses the redback.
The redback barely misses you.
You hit the redback.
The redback looks as sick as possible!
You kill the redback!
Things that are here:
a redback corpse; a wolf spider corpse; 😨 HP[+1]
There is a hole to the Spider Nest, spattered with blood here.
You start resting. 😎 HP[+72]
Your hp is fully restored (144).
Things that are here:
a redback corpse; a wolf spider corpse
There is a hole to the Spider Nest, spattered with blood here.
You climb downwards.
Welcome back to the Spider Nest!
This branch contains the gossamer rune of Zot.
The wolf spider's many legs skitter. x2
The tarantella touches you but does no damage.
The jumping spider leaps!
You block the wolf spider's attack. x2
The redback bites you. The pharaoh ant bites you!!
The redback bites you but does no damage.
The jumping spider leaps!
Being near the torpor snail leaves you feeling lethargic.
The wolf spider hits you! The wolf spider bites you.
The redback barely misses you. The pharaoh ant bites you!
A culicivora comes into view.
You block the pharaoh ant's attack.
There is a crawl-hole back to the Lair, spattered with blood here.
Things that are here:
+0 swamp dragon scales; +0 swamp dragon scales 😮 HP[-59]
You take 59 damage, and now have 85/144 hp.
MASSIVE DAMAGE!! (PAUSE) Sara is no longer moving slowly.
The wolf spider hits you.
The wolf spider bites you but does no damage.
You block the redback's attack. x2
The redback bites you but does no damage.
The pharaoh ant bites you!!
* * * LOW HITPOINT WARNING * * *
You feel drained.
* * * LOW HITPOINT WARNING * * *
You block the redback's attack. The pharaoh ant bites you!!
* * * LOW HITPOINT WARNING * * *
You feel drained.
* * * LOW HITPOINT WARNING * * *
The demonic crawler shrieks in warning!
The redback bites you!
* * * LOW HITPOINT WARNING * * *
You block the redback's attack.
The redback bites you but does no damage.
The pharaoh ant bites you!!
You die...

Skill      XL: |  1  2  3  4  5  6  7  8  9 10 11 12 13 14 15 16 |
---------------+-------------------------------------------------+-----
Fighting       | 1 2 3 4 5 6 7 10 13 15 | 15.5
Armour         | 3 4 7 11 | 11.0
Polearms       | 4 7 10 12 14 | 14.0
Invocations    | 4 10 | 10.4
Evocations     | 5 10 | 10.1
Spellcasting   | 5 |  5.5
Transmutations | 5 |  5.6
Shields        | 7 |  7.1
Dodging        | 4 |  4.2
Conjurations   | |  1.0

Action                   |  1- 3 |  4- 6 |  7- 9 | 10-12 | 13-15 | 16-18 || total
-------------------------+-------+-------+-------+-------+-------+-------++-------
Melee: Spear             |   119 |    81 |       |       |       |       ||   200
       Tailslap          |    12 |    25 |    27 |    94 |   164 |    41 ||   363
       Flail             |       |   132 |    11 |       |       |       ||   143
       Unarmed           |       |    11 |       |       |       |       ||    11
       Demon trident     |       |       |   262 |   630 |  1184 |   241 ||  2317
 Cast: Wereblood         |       |       |       |       |     1 |       ||     1
Invok: Ancestor Identity |       |       |     2 |       |       |       ||     2
       Recall Ancestor   |       |       |     1 |     2 |     4 |     1 ||     8
       Ancestor Life: Kn |       |       |       |     1 |       |       ||     1
       Idealise          |       |       |       |     1 |     8 |     2 ||    11
       Transference      |       |       |       |       |     7 |     1 ||     8
Evoke: Wand              |       |       |       |    15 |     6 |     6 ||    27
       Phial of floods   |       |       |       |       |     1 |     2 ||     3
       Condenser vane    |       |       |       |       |     2 |     1 ||     3
       Lightning rod     |       |       |       |       |     2 |       ||     2
       Box of beasts     |       |       |       |       |     1 |     2 ||     3
       Piece from Xom's  |       |       |       |       |       |     1 ||     1
  Use: Scroll            |     4 |     6 |     7 |    10 |    10 |     3 ||    40
       Potion            |       |     4 |     3 |     5 |     2 |     5 ||    19
 Stab: Distracted        |       |       |     1 |     2 |    10 |     1 ||    14
Armor: Leather armour    |    31 |       |       |       |       |       ||    31
       Scale mail        |    37 |   120 |    34 |       |   252 |   156 ||   599
       Skin              |       |    17 |       |     5 |       |       ||    22
       Chain mail        |       |       |    38 |   119 |    54 |       ||   211
Dodge: Dodged            |    46 |   107 |    96 |   102 |   242 |    37 ||   630
Block: Buckler           |    34 |    49 |    30 |   130 |   379 |   122 ||   744
       Reflection        |       |       |       |     3 |    21 |       ||    24

Levels and vault maps discovered:
D:1:      lemuel_arrival_cross, layout_loops_ring, serial_shops,
          nicolae_diamond_shop, kennysheep_flooded_box,
          wander_ebering_terrifying_dragon_lair
D:2:      layout_rooms, basic_altar
D:3:      layout_loops_corners, marbit_many_paths,
          nicolae_elyvilon_peaceful_grove, minmay_unequal
D:4:      layout_basic, kennysheep_small_circle
D:5:      layout_cave_pools, mainiacjoe_overflow_boulevard, slow_altar_1,
          serial_column_ruins, column_ruins_grid_1,
          column_ruins_corridor_straight, column_ruins_columns_dead_end,
          column_ruins_open_medium, minmay_holes, nicolae_eternal_life,
          hangedman_decor_push, uniq_blork_the_orc
D:6:      minmay_skewed_foursquare, layout_loops_corners, fedhas_altar_4,
          minmay_temple_entry_glass, ebering_ghost_inner_flame, serial_shops,
          shop, nicolae_inconvenience_store
D:7:      layout_basic, uniq_joseph
D:8:      layout_loops_cross, mainiacjoe_overflow_alcove_4, serial_shops,
          nicolae_shop_crystal
D:9:      layout_basic, old_standard_altar
D:10:     layout_basic, mainiacjoe_overflow_alcove_3, minmay_misc_feat_tiny,
          nicolae_benzene_ring
D:11:     layout_small_grid, erik_lair_island, serial_glass, glass_columns_c,
          glass_columns_a, glass_columns_a, glass_columns_a, glass_columns_b,
          glass_columns_a
D:12:     layout_loops_corners, orc_david_3, gauntlet_entry_generic, kb_rosetta
D:13:     layout_loops_corners, portal_ice_cave_demonic_guard,
          minmay_stone_trees_small, uniq_jorgrun
D:14:     layout_irregular_city, ximxim_vaults_locker_room, serial_park_square2
D:15:     grunt_enter_depths_giant_problem, layout_rooms, serial_shops,
          nicolae_shop_temple_entry_statues_fountains,
          nicolae_shop_overgrown_old_shop, shop, serial_park_square1
          [serial_park_minivault_5x5_7], serial_aquarium,
          aquarium_bridge_long_joined [aquarium_subvault_window,
          aquarium_subvault_bridge, aquarium_subvault_bridge,
          aquarium_subvault_wall, aquarium_subvault_wall,
          aquarium_subvault_wall], aquarium_bridge_island_small
          [aquarium_subvault_small_water, aquarium_subvault_wall,
          aquarium_subvault_bridge, aquarium_subvault_window,
          aquarium_subvault_balcony], aquarium_window_corridor_1,
          aquarium_window_1, aquarium_window_2, aquarium_window_fake,
          aquarium_view_2f, aquarium_balcony_1b, aquarium_pool_2,
          einodemon_barbed_minivault
Temple:   nicolae_temple_ecumenical_triangle
Lair:1:   layout_regular_city, beast_lair_carwin_7
Lair:2:   layout_cave_pods, lemuel_fruit_tree, grunt_megastairs_4,
          infiniplex_staircase_pool
Lair:3:   lemuel_reptile_caves, layout_regular_city, swamp_mist,
          hellmonk_spider_entry_not_the_bees, hangedman_lair_unloving_vines,
          st_stairs_6, ice2_lemuel, uniq_rupert
Lair:4:   layout_cave_pods, slime_entry_1, uniq_sonja
Lair:5:   minmay_lair_end_frog_pond, layout_cellular_growth,
          nicolae_volcano_entry_hallway, columned_hall_lemuel
Swamp:1:  layout_basic_swamp, hangedman_swamp_cone, swamp_pool1
Swamp:2:  layout_basic_swamp, serial_swamp_ruin, evilmike_swamp_ruin_house_1,
          evilmike_swamp_ruin_rubble_1, evilmike_swamp_ruin_rubble_2
Swamp:3:  layout_basic_swamp, nicolae_swamp_dense_foliage, nicolae_swamp_oxbows,
          uniq_bai_suzhen, uniq_mara
Swamp:4:  swamp_alternative, layout_basic_swamp
Spider:1: nicolae_spider_corner
Slime:1:  layout_caves
Orc:1:    nicolae_orc_accident_1, layout_diamond_mine, nicolae_orc_tapped_out,
          uniq_josephine
Orc:2:    grunt_orc_community_town_hall, layout_diamond_mine,
          grunt_orc_community_big_house_2, grunt_orc_community_big_house_2,
          grunt_orc_community_house_2, grunt_orc_community_house_3,
          grunt_orc_community_house_3, grunt_orc_community_house_1,
          grunt_orc_community_house_2, serial_shops, nicolae_lakefront_shop

Notes
Turn   | Place    | Note
-------+----------+-------------------------------------------
     0 | D:1      | MackTheKnife the Armataur Wanderer began the quest for the
                  | Orb.
     0 | D:1      | MackTheKnife set off with the following items: a +2 spear
                  | {polearm}, a +0 buckler, a scroll of fear, a +0 leather
                  | armour; and the following spell memorised: Kiss of Death;
                  | and the following spells available to memorise: Stone
                  | Arrow.
     0 | D:1      | Reached XP level 1. HP: 14/14 MP: 3/3
     0 | D:1      | magus.rc [v1.9.6]
    99 | D:1      | You pick up a book of Displacement and begin reading...
    99 | D:1      | You add the spells Lesser Beckoning, Gell's Gravitas and
                  | Teleport Other to your library.
   219 | D:1      | Reached skill level 1 in Fighting
   306 | D:1      | Found Taner's Magic Scroll Boutique.
   315 | D:1      | Bought a scroll of identify for 26 gold pieces
   689 | D:1      | Reached XP level 2. HP: 24/24 MP: 4/4
   822 | D:2      | Reached skill level 2 in Fighting
   894 | D:2      | Reached XP level 3. HP: 28/32 MP: 5/5
  1229 | D:2      | Found a shimmering altar of Xom.
  1234 | D:2      | Reached skill level 3 in Fighting
  1267 | D:2      | Reached XP level 4. HP: 17/40 MP: 6/6
  1577 | D:3      | Noticed a scorpion
  1591 | D:3      | HP: 6/40 [scorpion (5)]
  1594 | D:3      | Killed a scorpion
  1595 | D:3      | Reached skill level 4 in Fighting
  1802 | D:3      | Found a white marble altar of Elyvilon.
  1830 | D:3      | You pick up a book of Air and begin reading...
  1830 | D:3      | You add the spells Shock, Swiftness and Airstrike to your
                  | library.
  1871 | D:3      | Reached XP level 5. HP: 44/49 MP: 7/7
  2184 | D:3      | HP: 4/50 [orc priest/nerve-wracking pain (13)]
  2222 | D:3      | HP: 11/50 [orc/+0 whip (3)]
  2283 | D:3      | HP: 13/75 [orc priest/divine providence (12)]
  2286 | D:3      | Reached skill level 5 in Fighting
  2713 | D:3      | Reached XP level 6. HP: 59/59 MP: 8/8
  2831 | D:3      | Found an opulent altar of Gozag.
  2932 | D:4      | You add the spells Ozocubu's Armour and Ozocubu's
                  | Refrigeration to your library.
  3254 | D:4      | HP: 15/60 [something (2)]
  3743 | D:4      | Reached skill level 6 in Fighting
  4195 | D:5      | Entered Level 5 of the Dungeon
  4222 | D:4      | Reached skill level 2 in Armour
  4419 | D:5      | Reached skill level 3 in Armour
  4419 | D:5      | Reached XP level 7. HP: 59/67 MP: 9/9
  4431 | D:5      | Reached skill level 4 in Armour
  4583 | D:5      | Identified a scroll of acquirement
  4583 | D:5      | Acquired a +3 demon trident of venom
  4688 | D:5      | You pick up a book of Spatial Translocations and begin
                  | reading...
  4688 | D:5      | You add the spells Blink and Momentum Strike to your
                  | library.
  4715 | D:5      | Reached skill level 2 in Polearms
  4716 | D:5      | Noticed Blork the orc
  4869 | D:5      | Killed Blork the orc
  4979 | D:5      | Found a radiant altar of Vehumet.
  5004 | D:5      | Found a snail-covered altar of Cheibriados.
  5035 | D:5      | Reached skill level 3 in Polearms
  5282 | D:5      | You pick up a book of the Hunter and begin reading...
  5282 | D:5      | You add the spells Call Canine Familiar, Portal Projectile
                  | and Leda's Liquefaction to your library.
  5518 | D:6      | Reached skill level 4 in Polearms
  5561 | D:6      | Found Dyppe's Antique Weapon Emporium.
  5729 | D:6      | Found Nuxair's Antique Armour Shoppe.
  5757 | D:6      | Found a staircase to the Ecumenical Temple.
  5817 | D:6      | Reached XP level 8. HP: 70/74 MP: 10/10
  5892 | D:6      | Reached skill level 5 in Polearms
  5959 | D:6      | HP: 11/74 [black bear (8)]
  5963 | D:6      | Reached skill level 6 in Polearms
  6043 | D:6      | Found a runed translucent door.
  6043 | D:6      | Noticed Xoff's ghost (novice GnHW)
  6131 | Temple   | Entered the Ecumenical Temple
  6145 | Temple   | Became a worshipper of Hepliaklqana the Forgotten
  6411 | D:6      | You pick up a book of Changes and begin reading...
  6411 | D:6      | You add the spells Beastly Appendage, Wereblood and Spider
                  | Form to your library.
  6504 | D:6      | Found a blossoming altar of Fedhas.
  6702 | D:6      | Killed Xoff's ghost
  6703 | D:6      | Reached skill level 7 in Polearms
  6703 | D:6      | Reached XP level 9. HP: 39/80 MP: 11/11
  6991 | D:7      | Reached skill level 8 in Polearms
  7372 | D:7      | Learned a level 2 spell: Wereblood
  7557 | D:7      | Noticed Joseph
  7569 | D:7      | Killed Joseph
  7570 | D:7      | Reached skill level 9 in Polearms
  7895 | D:7      | Reached * piety under Hepliaklqana
  8372 | D:8      | Noticed a troll
  8377 | D:8      | HP: 17/72 [troll (11)]
  8378 | D:8      | HP: 4/72 [troll (13)]
  8382 | D:8      | Killed a troll
  8383 | D:8      | Reached skill level 10 in Polearms
  8690 | D:8      | Found a hide-covered altar of Uskayaw.
  8747 | D:8      | Found Voiplib's Assorted Antiques.
  8753 | D:8      | Noticed a cyclops
  8762 | D:8      | Killed a cyclops
  8763 | D:8      | Reached XP level 10. HP: 68/80 MP: 12/12
  9048 | D:8      | You add the spells Kindle Blastsparks, Ignite Poison and
                  | Freezing Cloud to your library.
  9294 | D:9      | Noticed a two-headed ogre
  9315 | D:9      | Killed a two-headed ogre
  9316 | D:9      | Reached skill level 11 in Polearms
  9324 | D:9      | HP: 20/80 [poisoned by a kobold brigand]
  9340 | D:9      | HP: 18/80 [orc priest/divine providence (13)]
  9767 | D:9      | Reached skill level 12 in Polearms
  9787 | D:9      | Found an iron altar of Okawaru.
  9799 | D:9      | HP: 19/80 [poisoned by a kobold brigand]
  9804 | D:9      | HP: 15/80 [poisoned by a kobold brigand]
 10021 | D:9      | You pick up a book of Vapours and begin reading...
 10021 | D:9      | You add the spells Poisonous Vapours, Cigotuvi's Dreadful
                  | Rot and Mephitic Cloud to your library.
 10153 | D:10     | Entered Level 10 of the Dungeon
 10172 | D:10     | Reached ** piety under Hepliaklqana
 10173 | D:10     | Remembered your ancestor Sara as a knight
 10228 | D:10     | You fall into a shaft and drop 3 floors!
 10244 | D:12     | Found a gate leading to a gauntlet.
 10384 | Gauntlet | Entered a Gauntlet
 10384 | Gauntlet | Noticed a wizard
 10384 | Gauntlet | Found a transporter.
 10388 | Gauntlet | Found a transporter.
 10391 | Gauntlet | Found a transporter.
 10396 | Gauntlet | Found a transporter.
 10399 | Gauntlet | Found a transporter.
 10403 | Gauntlet | Found a transporter.
 10408 | Gauntlet | Noticed a hell beast
 10411 | Gauntlet | Found a transporter.
 10411 | Gauntlet | Found the +7 lajatang of Order {silver, rMut}
 10415 | Gauntlet | Found a transporter.
 10419 | Gauntlet | Noticed a moth of wrath
 10423 | Gauntlet | Found a transporter.
 10427 | Gauntlet | Found a transporter.
 10429 | Gauntlet | Noticed a catoblepas
 10432 | Gauntlet | Found a transporter.
 10432 | Gauntlet | Noticed a molten gargoyle
 10434 | Gauntlet | Noticed a gargoyle
 10434 | Gauntlet | Noticed a gargoyle
 10436 | Gauntlet | Found a transporter.
 10471 | Gauntlet | Found a transporter.
 10484 | Gauntlet | Found a transporter.
 10691 | Gauntlet | Killed a wizard
 10726 | Gauntlet | Noticed a minotaur
 10741 | Gauntlet | HP: 28/120 [minotaur's headbutt (13)]
 10746 | Gauntlet | HP: 25/120 [minotaur (4)]
 10748 | Gauntlet | Killed a minotaur
 10749 | Gauntlet | Reached XP level 11. HP: 27/86 MP: 13/13
 11048 | D:12     | Noticed a purple ugly thing
 11054 | D:12     | Killed a purple ugly thing
 11055 | D:12     | Reached skill level 13 in Polearms
 11190 | D:12     | Noticed a wizard
 11204 | D:12     | Killed a wizard
 11221 | D:12     | Found Zuzutalu's Weapon Shoppe.
 11222 | D:12     | Found a staircase to the Orcish Mines.
 11362 | D:12     | Noticed a boulder beetle
 11381 | D:12     | Killed a boulder beetle
 11492 | D:12     | Noticed a deep elf pyromancer
 11507 | D:12     | Killed a deep elf pyromancer
 11628 | D:12     | Noticed a deep elf pyromancer
 11634 | D:12     | Killed a deep elf pyromancer
 11866 | D:12     | Reached skill level 14 in Polearms
 12135 | D:11     | Noticed a boulder beetle
 12136 | D:11     | Reached *** piety under Hepliaklqana
 12148 | D:11     | Killed a boulder beetle
 12242 | D:11     | Acquired an amulet of reflection
 12418 | D:11     | Reached skill level 5 in Armour
 12510 | D:11     | Noticed a boulder beetle
 12519 | D:11     | Reached skill level 7 in Fighting
 12532 | D:11     | Killed a boulder beetle
 12533 | D:11     | Reached skill level 6 in Armour
 12712 | D:11     | Found a staircase to the Lair.
 12869 | D:11     | Reached skill level 7 in Armour
 12904 | D:11     | Noticed a boulder beetle
 12913 | D:11     | Killed a boulder beetle
 12914 | D:11     | Reached XP level 12. HP: 76/97 MP: 14/14
 13262 | D:10     | Found an ornate altar of the Wu Jian Council.
 13263 | D:10     | Found a stormy altar of Qazlal.
 13264 | D:10     | Found a glowing golden altar of the Shining One.
 13264 | D:10     | Found a glowing silver altar of Zin.
 13451 | D:10     | Reached skill level 8 in Fighting
 13778 | D:10     | You pick up a book of Changes and begin reading...
 13948 | Lair:1   | Entered Level 1 of the Lair of Beasts
 13970 | Lair:1   | Reached skill level 8 in Armour
 14186 | Lair:1   | Reached skill level 9 in Armour
 14196 | Lair:1   | Reached **** piety under Hepliaklqana
 14631 | Lair:1   | Reached skill level 9 in Fighting
 14927 | Lair:2   | Noticed a catoblepas
 14938 | Lair:2   | Killed a catoblepas
 15309 | Lair:2   | Reached skill level 10 in Armour
 15976 | Lair:2   | Reached skill level 10 in Fighting
 16244 | Lair:3   | Reached skill level 11 in Armour
 16254 | Lair:3   | Reached skill level 1 in Invocations
 16261 | Lair:3   | Reached skill level 2 in Invocations
 16332 | Lair:3   | Reached skill level 3 in Invocations
 16405 | Lair:3   | You pick up a book of Spatial Translocations and begin
                  | reading...
 16433 | Lair:3   | Identified the +8 hand axe of Oenomania {venom, rN+}
 16670 | Lair:3   | Reached skill level 4 in Invocations
 16671 | Lair:3   | Identified the +0 pair of gloves of Analysis {*Slow rElec
                  | Int+7}
 16909 | Lair:3   | Reached XP level 13. HP: 98/109 MP: 11/16
 16988 | Lair:3   | Reached skill level 5 in Invocations
 17164 | Lair:3   | Reached skill level 6 in Invocations
 17185 | Lair:3   | HP: 23/109 [blink frog (8)]
 17192 | Lair:3   | Found a hole to the Spider Nest.
 17192 | Lair:3   | Noticed Rupert
 17193 | Lair:3   | HP: 10/109 [killer bee (7)]
 17454 | Lair:3   | Reached skill level 7 in Invocations
 17528 | Lair:3   | Killed Rupert
 17529 | Lair:3   | Reached skill level 8 in Invocations
 17817 | Lair:3   | Found a staircase to the Swamp.
 18320 | Lair:4   | Noticed Sonja
 18333 | Lair:4   | Reached skill level 9 in Invocations
 18338 | Lair:4   | Killed Sonja
 18445 | Lair:4   | Reached ***** piety under Hepliaklqana
 18812 | Lair:4   | Found a staircase to the Slime Pits.
 19112 | Lair:5   | Entered Level 5 of the Lair of Beasts
 19309 | Lair:5   | Reached skill level 10 in Invocations
 19327 | Lair:5   | Found a dark tunnel.
 19336 | Volcano  | Entered a volcano
 19679 | Volcano  | Found a burning altar of Makhleb.
 19786 | Volcano  | Reached skill level 1 in Evocations
 19827 | Volcano  | Reached skill level 2 in Evocations
 20052 | Lair:5   | Reached skill level 3 in Evocations
 20236 | Slime:1  | Entered Level 1 of the Pits of Slime
 20236 | Slime:1  | Noticed a quicksilver ooze
 20329 | Lair:5   | Reached skill level 4 in Evocations
 20381 | Lair:5   | HP: 26/109 [poisoned by a cane toad]
 20383 | Lair:5   | Reached skill level 5 in Evocations
 20650 | Lair:5   | Reached XP level 14. HP: 105/117 MP: 21/21
 20709 | Lair:5   | Reached skill level 6 in Evocations
 20831 | Lair:5   | Reached skill level 7 in Evocations
 21117 | Lair:5   | Reached skill level 8 in Evocations
 21440 | Lair:5   | Reached skill level 9 in Evocations
 22148 | Orc:1    | Entered Level 1 of the Orcish Mines
 22335 | Orc:1    | Noticed Josephine
 22356 | Orc:1    | Killed Josephine
 22357 | Orc:1    | Reached skill level 10 in Evocations
 22748 | Orc:2    | Entered Level 2 of the Orcish Mines
 22871 | Orc:2    | Found a staircase to the Elven Halls.
 22904 | Orc:2    | Reached skill level 2 in Spellcasting
 22955 | Orc:2    | Reached skill level 1 in Transmutations
 23432 | Orc:2    | Reached skill level 2 in Transmutations
 23619 | Orc:2    | Found Sumon's Jewellery Shoppe.
 23707 | Orc:2    | Reached skill level 3 in Spellcasting
 23716 | Orc:2    | Reached skill level 3 in Transmutations
 23716 | Orc:2    | magus.rc [v1.9.6]
 23729 | Orc:2    | Noticed an orc warlord
 23754 | Orc:2    | Killed an orc warlord
 24094 | Orc:2    | Found Haqoax's Antique Weapon Shop.
 24097 | Orc:2    | Found Tinyosiu's Antique Armour Boutique.
 24110 | Orc:2    | Bought a barding for 667 gold pieces
 24155 | Orc:2    | Found Ejaptui's Distillery.
 24165 | Orc:2    | Bought a potion of heal wounds for 65 gold pieces
 24165 | Orc:2    | Bought a potion of curing for 39 gold pieces
 24165 | Orc:2    | Bought a potion of invisibility for 104 gold pieces
 24243 | Orc:2    | Found Qanwixef's Book Shoppe.
 24290 | Orc:1    | Reached skill level 4 in Spellcasting
 24443 | Orc:1    | Reached skill level 4 in Transmutations
 25064 | D:13     | Identified the +8 long sword "Usinkox" {vorpal, Drain rN+
                  | Str+9 Dex-2}
 25249 | D:13     | Reached skill level 5 in Spellcasting
 25285 | D:13     | Reached skill level 5 in Transmutations
 25322 | D:13     | You pick up a book of Frost and begin reading...
 25322 | D:13     | You add the spells Freeze, Frozen Ramparts and Hailstorm to
                  | your library.
 25330 | D:13     | Noticed Jorgrun
 25345 | D:13     | Killed Jorgrun
 25346 | D:13     | Reached XP level 15. HP: 90/122 MP: 22/22
 25701 | D:14     | Identified the ring of Diomp {rN+ Int+3 SInv}
 26090 | D:14     | Reached skill level 5 in Shields
 26125 | D:14     | Found a gate to the Vaults.
 26137 | D:14     | Identified the +6 glaive of Disaster {holy, Fly rN+ Str+3
                  | Dex-5}
 26398 | D:14     | You pick up a book of Party Tricks and begin reading...
 26398 | D:14     | You add the spells Apportation and Alistair's Intoxication
                  | to your library.
 26413 | D:14     | Reached skill level 6 in Shields
 26770 | D:15     | Entered Level 15 of the Dungeon
 26833 | D:15     | Found Nauss's Antique Armour Shop.
 26842 | D:15     | Bought a runed buckler for 180 gold pieces
 26888 | D:15     | Found Fecausmo's Antique Weapon Shoppe.
 26942 | D:15     | Found Cynita's Antique Armour Shop.
 27173 | D:15     | Bought a heavily runed chain mail for 237 gold pieces
 27173 | D:15     | Identified the +0 chain mail of the Boiling Point {Str+4}
                  | (You bought it in a shop on level 15 of the Dungeon)
 27265 | D:15     | Reached skill level 11 in Fighting
 27265 | D:15     | Reached skill level 7 in Shields
 27378 | D:15     | Identified the +1 ring mail "Xusucise" {Str+4 Int-3 Dex+2}
 27431 | D:15     | Found a staircase to the Depths.
 27873 | D:15     | You pick up a book of Weapons and begin reading...
 27873 | D:15     | You add the spells Tukima's Dance and Blade Hands to your
                  | library.
 28425 | Swamp:1  | Entered Level 1 of the Swamp
 28539 | Swamp:1  | magus.rc [v1.9.6]
 28539 | Swamp:1  | Upgraded the game from 0.30-a0-465-g8901f6c8b5 to
                  | 0.30-a0-469-g84de5afbc5
 28539 | Swamp:1  | magus.rc [v1.9.6]
 28604 | Swamp:1  | Reached skill level 12 in Fighting
 29166 | Swamp:1  | Reached skill level 13 in Fighting
 29751 | Swamp:2  | Reached XP level 16. HP: 138/139 MP: 24/24
 30234 | Swamp:2  | HP: 35/140 [poison (poison gas)]
 30239 | Swamp:2  | HP: 30/140 [poison (poison gas)]
 30250 | Swamp:2  | Reached skill level 14 in Fighting
 31319 | Swamp:3  | You pick up a book of Beasts and begin reading...
 31319 | Swamp:3  | You add the spells Summon Ice Beast, Summon Mana Viper and
                  | Monstrous Menagerie to your library.
 31320 | Swamp:3  | Identified the +6 glaive "Guxt" {drain, Str+5 Int-2}
 31410 | Swamp:3  | Noticed Bai Suzhen
 31417 | Swamp:3  | Noticed Mara
 31417 | Swamp:3  | Noticed a thorn hunter
 31769 | Swamp:4  | Entered Level 4 of the Swamp
 31813 | Swamp:4  | Noticed a thorn hunter
 31823 | Swamp:4  | Reached skill level 15 in Fighting
 31824 | Swamp:4  | Killed a thorn hunter
 32099 | Swamp:4  | Reached skill level 1 in Dodging
 32136 | Swamp:4  | Paralysed by a fenstrider witch for 3 turns
 32143 | Swamp:4  | HP: 31/144 [??? (29)]
 32150 | Swamp:4  | Reached skill level 2 in Dodging
 32427 | Swamp:4  | Got a decaying rune of Zot
 33044 | Swamp:3  | Noticed Mara
 33107 | Spider:1 | Entered Level 1 of the Spider Nest
 33115 | Spider:1 | Reached skill level 3 in Dodging
 33141 | Lair:3   | Reached skill level 4 in Dodging
 33147 | Lair:3   | HP: 28/144 [emperor scorpion simulacrum (24)]
 33330 | Spider:1 | HP: 24/138 [pharaoh ant (23)]
 33330 | Spider:1 | HP: 7/132 [redback (7)]
 33330 | Spider:1 | Mangled by a pharaoh ant

Vanquished Creatures
  Rupert (Lair:3)
  Jorgrun (D:13)
  A thorn hunter (Swamp:4)
  3 fenstrider witches
  An emperor scorpion (Lair:3)
  3 ghouls (Swamp:1)
  An orc warlord (Orc:2)
  A quicksilver ooze (shapeshifter) (D:14)
  A stone giant (D:15)
  A minotaur (Gauntlet)
  2 bunyips
  An ettin (Orc:1)
  An entropy weaver (Spider:1)
  3 vault guards (D:14)
  9 hydras
  A radroach (Lair:3)
  3 centaur warriors
  A death knight (D:15)
  8 alligators
  3 two-headed ogres
  8 boulder beetles
  3 orc high priests
  A sun demon (Volcano)
  Sonja (Lair:4)
  7 spriggans
  A hell knight (Volcano)
  A pharaoh ant (Spider:1)
  A goliath frog (Swamp:1)
  3 spriggan druids
  3 swamp dragons (Swamp:4)
  A wizard (Gauntlet)
  A lindwurm (Lair:4)
  3 bog bodies
  3 orc knights
  A phantasmal warrior (D:15)
  2 deep elf pyromancers (D:12)
  7 ugly things
  3 orc sorcerers
  2 will-o-the-wisps
  The ghost of Xoff the Thaumaturge, a novice GnHW of Vehumet (D:6)
  A wolf spider (Lair:3)
  2 cyclopes
  4 elephants (Lair:5)
  8 manticores
  A molten gargoyle (Volcano)
  An ice statue (Lair:3)
  3 black mambas
  2 gargoyles
  Joseph (D:7)
  15 cane toads
  An unseen horror (D:12)
  2 orange demons (D:15)
  2 rime drakes
  A torpor snail (Lair:5)
  2 demonic crawlers (Spider:1)
  8 komodo dragons
  3 ice devils
  A freezing wraith (D:15)
  2 red devils (Volcano)
  6 hornets
  8 trolls
  A tarantella (Spider:1)
  A wind drake (shapeshifter) (D:13)
  6 tyrant leeches
  A meliai (Lair:3)
  6 polar bears
  28 blink frogs
  8 dream sheep (Lair:5)
  A jumping spider (Spider:1)
  A jumping spider (shapeshifter) (D:15)
  2 shadows
  2 culicivoras (Spider:1)
  2 wyverns (D:10)
  5 wraiths
  3 basilisks
  16 yaks
  A fire bat (Volcano)
  6 humans (D:14)
  4 redbacks
  12 vampire mosquitoes
  A steam dragon (D:10)
  7 swamp worms
  2 wargs
  2 acid dragons
  2 hell hounds (Volcano)
  11 water moccasins
  4 swamp drakes
  35 orc warriors
  10 black bears
  10 ice beasts
  4 ogres
  11 centaurs
  A knight (Swamp:3)
  25 wolves
  A phantom (D:6)
  5 kobold brigands
  Blork the orc (D:5)
  10 bullfrogs
  2 gnoll sergeants
  5 scorpions
  8 wights
  2 killer bees (Lair:3)
  5 electric eels
  3 howler monkeys
  2 lava snakes (Volcano)
  12 hounds
  4 jellies
  21 orc priests
  15 iguanas
  17 orc wizards
  A mummy (D:5)
  8 adders
  13 gnolls
  4 shadow imps
  2 white imps
  An ufetubus (D:5)
  2 worms
  2 dart slugs
  76 orcs
  6 endoplasms
  7 giant cockroaches
  2 goblins
  13 hobgoblins
  11 jackals
  4 quokkas
  5 ball pythons
  18 frilled lizards
  31 kobolds
  3 rats (D:2)
726 creatures vanquished.

Vanquished Creatures (collateral kills)
  A ghoul (Swamp:1)
  2 eleionomae (Swamp:1)
  A bunyip (Swamp:3)
  Josephine (Orc:1)
  A vault guard (D:14)
  7 hydras
  2 alligators (Swamp:1)
  A catoblepas (Lair:2)
  An orc high priest (Orc:2)
  A goliath frog (Swamp:1)
  2 spriggan druids (Swamp:4)
  A bog body (Swamp:4)
  8 swamp dragons
  2 lindwurms (Swamp:4)
  A wizard (D:12)
  An orc sorcerer (Orc:2)
  A cyclops (D:12)
  A manticore (D:15)
  2 deep elf pyromancers
  An ugly thing (D:15)
  An elephant (Lair:5)
  A black mamba (Lair:3)
  6 cane toads
  3 orange demons (D:15)
  A gargoyle (D:11)
  A demonic crawler (Spider:1)
  4 komodo dragons
  A polar bear (Lair:5)
  A tarantella (Spider:1)
  A hornet (Swamp:2)
  3 dream sheep (Lair:5)
  5 tyrant leeches
  3 wraiths
  2 humans (D:14)
  2 basilisks
  6 yaks
  6 vampire mosquitoes
  A water moccasin (Lair:3)
  3 swamp drakes (Swamp:4)
  2 orc warriors
  An ice beast (Lair:3)
  A black bear (Lair:1)
  5 wolves
  2 bullfrogs
  A necrophage (Swamp:1)
  2 scorpions (D:15)
  A wight (D:8)
  2 lava snakes (Volcano)
  An iguana (Lair:3)
  A white imp (Lair:3)
  8 orcs
  A kobold (D:9)
  5 frilled lizards (Lair:3)
122 creatures vanquished.

Vanquished Creatures (others)
  2 swamp dragons (Swamp:4)
  A lindwurm (Swamp:4)
  A bloated husk (Swamp:3)
  A vampire mosquito (Swamp:1)
  A swamp drake (Swamp:4)
  10 knights
  3 ancestors
  3 bushes (D:15)
  38 fungi
  112 plants
172 creatures vanquished.

Grand Total: 1020 creatures vanquished

Table legend:
 A = Non-vault XP
 B = Vault XP
 C = Vault XP percentage of total XP
 D = Non-vault monster count
 E = Vault monster count
 F = Vault count percentage of total count
                 A         B        C        D         E       F
            +---------+---------+-------+---------+---------+-------
      Total |  129776 |   71316 |  35.5 |     548 |     302 |  35.5
            +---------+---------+-------+---------+---------+-------
        D:1 |      11 |       1 |   8.3 |       7 |       1 |  12.5
        D:2 |      87 |       0 |   0.0 |      30 |       0 |   0.0
        D:3 |     309 |      18 |   5.5 |      28 |       4 |  12.5
        D:4 |     287 |       4 |   1.4 |      22 |       2 |   8.3
        D:5 |     439 |     108 |  19.7 |      19 |       2 |   9.5
        D:6 |     786 |     934 |  54.3 |      11 |       8 |  42.1
        D:7 |     849 |     419 |  33.0 |      29 |       1 |   3.3
        D:8 |    1716 |       0 |   0.0 |      19 |       0 |   0.0
        D:9 |    2935 |       0 |   0.0 |      42 |       0 |   0.0
       D:10 |    1314 |       0 |   0.0 |       9 |       0 |   0.0
       D:11 |    4839 |     660 |  12.0 |      16 |       8 |  33.3
       D:12 |    3294 |    2618 |  44.3 |       7 |      10 |  58.8
       D:13 |    6437 |    2415 |  27.3 |      21 |       3 |  12.5
       D:14 |    9424 |    4964 |  34.5 |      20 |      12 |  37.5
       D:15 |    8468 |    4576 |  35.1 |      18 |      13 |  41.9
     Lair:1 |    3331 |    1843 |  35.6 |      16 |      15 |  48.4
     Lair:2 |    5332 |     383 |   6.7 |      23 |       3 |  11.5
     Lair:3 |    8968 |    8024 |  47.2 |      26 |      55 |  67.9
     Lair:4 |    3675 |    1044 |  22.1 |      14 |       2 |  12.5
     Lair:5 |   12060 |    9772 |  44.8 |      41 |      36 |  46.8
    Swamp:1 |   17428 |       0 |   0.0 |      29 |       0 |   0.0
    Swamp:2 |   15165 |       0 |   0.0 |      29 |       0 |   0.0
    Swamp:3 |    7249 |       0 |   0.0 |      11 |       0 |   0.0
    Swamp:4 |    6568 |   15227 |  69.9 |      11 |      25 |  69.4
   Spider:1 |     870 |    3713 |  81.0 |       4 |       9 |  69.2
      Orc:1 |    4928 |    2054 |  29.4 |      22 |       8 |  26.7
      Orc:2 |    3007 |    7081 |  70.2 |      24 |      67 |  73.6
    Volcano |       0 |    3765 | 100.0 |       0 |      13 | 100.0
   Gauntlet |       0 |    1693 | 100.0 |       0 |       5 | 100.0
            +---------+---------+-------+---------+---------+-------

Illustrated notes

Table legend:
 A = Kills in this place as a percentage of kills in entire the game.
 B = Kills by you in this place as a percentage of kills by you in the entire game.
 C = Kills by friends in this place as a percentage of kills by friends in the entire game.
 D = Other kills in this place as a percentage of other kills in the entire game.
 E = Experience gained in this place as a percentage of experience gained in the entire game.
 F = Experience gained in this place divided by the number of levels of this place that you have seen.
                   A       B       C       D       E      F
               +-------+-------+-------+-------+-------+----------------------
         Total | 100.0 | 100.0 | 100.0 | 100.0 | 100.0 | 6486.8
       Dungeon |  42.6 |  45.8 |  24.6 |   0.0 |  28.8 | 3860.8
          Lair |  27.2 |  26.2 |  33.6 |   0.0 |  27.1 | 10886.4
         Swamp |  12.4 |   9.0 |  30.3 | 100.0 |  30.7 | 15409.2
   Spider Nest |   1.5 |   1.5 |   1.6 |   0.0 |   2.3 | 4583.0
  Orcish Mines |  14.2 |  15.3 |   8.2 |   0.0 |   8.5 | 8535.0
       Volcano |   1.5 |   1.5 |   1.6 |   0.0 |   1.9 | 3765.0
      Gauntlet |   0.6 |   0.7 |   0.0 |   0.0 |   0.8 | 1693.0
               +-------+-------+-------+-------+-------+----------------------

Table legend: (Time is in decaauts)
 A = Elapsed time spent in this place.
 B = Non-inter-level travel time spent in this place.
 C = Inter-level travel time spent in this place.
 D = Time resting spent in this place.
 E = Time spent auto-exploring this place.
 F = Levels seen in this place.
 G = Mean time per level.
                   A        B        C        D        E       F      G
               +--------+--------+--------+--------+--------+-----+--------+
         Total |  32691 |  31266 |   1425 |   8114 |  18334 |  31 | 1054.5 |
       Dungeon |  17110 |  16442 |    668 |   3413 |  10751 |  15 | 1140.7 |
        Temple |     27 |     14 |     13 |      0 |      0 |   1 |   27.0 |
          Lair |   7588 |   7142 |    446 |   1961 |   4035 |   5 | 1517.6 |
         Swamp |   4432 |   4299 |    133 |   2013 |   1740 |   4 | 1108.0 |
   Spider Nest |     23 |     23 |      0 |      0 |      0 |   1 |   23.0 |
    Slime Pits |      1 |      1 |      0 |      0 |      0 |   1 |    1.0 |
  Orcish Mines |   2307 |   2145 |    162 |    462 |   1316 |   2 | 1153.5 |
       Volcano |    663 |    663 |      0 |    114 |    361 |   1 |  663.0 |
      Gauntlet |    538 |    538 |      0 |    151 |    131 |   1 |  538.0 |
               +--------+--------+--------+--------+--------+-----+--------+

Top non-repeatable levels by time:
  Lair:3: 2194 daAuts
  Lair:5: 1756 daAuts
     D:3: 1602 daAuts
 Swamp:2: 1497 daAuts
   Orc:2: 1489 daAuts
    D:15: 1463 daAuts
     D:4: 1425 daAuts
    D:12: 1402 daAuts
  Lair:4: 1380 daAuts
     D:6: 1379 daAuts
  Lair:2: 1327 daAuts
     D:7: 1297 daAuts
    D:11: 1160 daAuts
    D:13: 1103 daAuts
     D:5: 1074 daAuts
